 Dungeon Crawl Stone Soup version 0.31-a0-851-g7ff8af7976 (webtiles) character file.

Game seed: 2904630274148221617

661 randomguy2701 the Cruncher (level 7, -5/53 HPs)
             Began as a Gnoll Wanderer on Oct 6, 2023.
             Slain by an ogre
             ... wielding a +0 giant spiked club
              (28 damage)
             ... on level 5 of the Dungeon.
             The game lasted 00:06:50 (4640 turns).

randomguy2701 the Cruncher (Gnoll Wanderer)         Turns: 4640, Time: 00:06:51

Health: -5/53      AC:  8    Str: 10    XL:     7   Next: 56%
Magic:  12/12      EV:  9    Int: 12    God:
Gold:   303        SH:  0    Dex: 14    Spells: 12/13 levels left

rFire   . . .        a - +2 quarterstaff
rCold   . . .        (shield currently unavailable)
rNeg    . . .        b - +0 scale mail
rPois   .            k - +0 helmet
rElec   .            (no cloak)
rCorr   .            (no gloves)
SInv    .            (no boots)
Will    .....        (no amulet)
Stlth   +            (no ring)
HPRegen 0.28/turn    (no ring)
MPRegen 0.13/turn

%: no passive effects
@: no status effects
A: fangs 1, strong nose, distributed training
a: no special abilities


You were on level 5 of the Dungeon.
You visited 1 branch of the dungeon, and saw 5 of its levels.
You also visited: Sewer.

You collected 303 gold pieces.

Inventory:

Hand Weapons
 a - a +2 quarterstaff (weapon)
Armour
 b - a +0 scale mail (worn)
 k - a +0 helmet (worn)
 u - a +0 pair of boots
Wands
 g - a wand of paralysis (2)
 t - a wand of digging (7)
 v - a wand of quicksilver (8)
Scrolls
 c - 2 scrolls of fear
 e - 11 scrolls of identify {unknown}
 f - a scroll of silence {unknown}
 h - a scroll of enchant weapon {unknown}
 j - a scroll of teleportation {unknown}
 l - 2 scrolls of acquirement {unknown}
 n - a scroll of revelation {unknown}
Potions
 d - 2 potions of resistance {unknown}
 i - a potion of lignification {unknown}
 m - a potion of might {unknown}
 o - a potion of haste {unknown}
 p - a potion of mutation
 q - 2 potions of invisibility {unknown}
 r - 8 potions of enlightenment
 s - a potion of heal wounds {unknown}


   Skills:
 + Level 3.7 Fighting
 + Level 2.6 Short Blades
 + Level 2.6 Long Blades
 + Level 2.6 Axes
 + Level 2.6 Maces & Flails
 + Level 2.6 Polearms
 + Level 10.7 Staves
 + Level 2.6 Ranged Weapons
 + Level 2.6 Throwing
 + Level 3.7 Armour
 + Level 2.6 Dodging
 + Level 3.5 Stealth
 + Level 2.6 Shields
 + Level 2.6 Unarmed Combat
 + Level 3.9 Spellcasting
 + Level 2.1 Conjurations
 + Level 2.1 Hexes
 + Level 3.0 Summonings
 + Level 2.1 Necromancy
 + Level 2.1 Translocations
 + Level 2.1 Transmutations
 + Level 2.1 Fire Magic
 + Level 2.1 Ice Magic
 + Level 2.1 Air Magic
 + Level 2.1 Earth Magic
 + Level 2.1 Poison Magic
 + Level 2.9 Invocations
 + Level 2.6 Evocations
 + Level 2.3 Shapeshifting


You had 12 spell levels left.
You knew the following spells:

 Your Spells              Type           Power      Damage    Failure   Level
a - Summon Small Mammal   Summ           36%        N/A       36%         1

Your spell library contained the following spells:

 Spells                   Type           Power      Damage    Failure   Level
 Ensorcelled Hibernation  Hex/Ice        14%        N/A       65%         2
 Passwall                 Tmut/Erth      5%         N/A       65%         2
 Call Canine Familiar     Summ           9%         N/A       75%         3
 Swiftness                Air            7%         N/A       86%         3


Dungeon Overview and Level Annotations

Branches:
Dungeon (5/15)              Sewer (visited)
 Temple: D:4-7

Altars:

Annotations:
D:4 2 runed translucent doors, JayJaygamer2134567's ghost, amateur TrMo


Innate Abilities, Weirdness & Mutations

You have very sharp teeth.
Your uncanny sense of smell can sniff out nearby items.
Your experience applies equally to all skills.


Message History

The helpless Ijyb fails to defend herself.
You sock Ijyb!
You kill Ijyb!
v - a wand of quicksilver (8)
Things that are here:
a +0 club; a +0 leather armour; the goblin corpse of Ijyb Done exploring.
You see here 4 stones.
What level of the Dungeon? (default 3, ? - help)
There is a stone staircase leading down here.
You climb downwards.
There is a stone staircase leading up here.
Found a stone staircase leading down.
Found a spear.
c - 2 scrolls of fear (gained 1)
e - 11 scrolls labelled LENASHU RATUSY (gained 1)
An ogre comes into view. It is wielding a +0 giant spiked club.
Found a stone staircase leading down.
An ogre is nearby!
An ogre is nearby!
You sock the ogre!
The ogre is moderately wounded.
You hit the ogre.
The ogre is heavily wounded.
The ogre hits you with a +0 giant spiked club!!
Ouch! That really hurt!
You are too injured to fight recklessly!
You are too injured to fight recklessly!
You are too injured to fight recklessly!
You are too injured to fight recklessly!
You are too injured to fight recklessly!
You are too injured to fight recklessly!
You are too injured to fight recklessly!
You sock the ogre!
The ogre is almost dead.
You barely miss the ogre. You bite the ogre.
The ogre is almost dead.
The ogre hits you with a +0 giant spiked club!!
Ouch! That really hurt!
You die...

....#.<....# #
#..#.####.#
#.####..#.####.#######
..
...#.............>).
#.##.#.##.####.######.
#......##.####.#
#......##......#
####.#.#########
#.....@O....#
#..#.##.....# #.....
.....# #....# .....#
#..### .....# #.>
.##### ##. ##


You could see an ogre.

Vanquished Creatures
  An ogre (D:4)
  Blork the orc (D:4)
  2 scorpions (D:4)
  A hound (D:4)
  A gnoll bouda (D:4)
  Ijyb (D:4)
  Robin (D:3)
  4 gnolls (D:4)
  11 adders
  4 river rats (Sewer)
  6 worms
  2 dart slugs (D:1)
  2 orcs (D:4)
  7 ball pythons
  12 endoplasms
  8 giant cockroaches
  13 goblins
  11 hobgoblins
  7 jackals (Sewer)
  4 quokkas
  8 bats
  2 frilled lizards
  6 kobolds
  5 rats
120 creatures vanquished.

Notes
Turn   | Place    | Note
-------+----------+-------------------------------------------
     0 | D:1      | Reached skill level 10 in Staves
     0 | D:1      | randomguy2701 the Gnoll Wanderer began the quest for the
                  | Orb.
     0 | D:1      | randomguy2701 set off with the following items: a +2
                  | quarterstaff, a +0 scale mail, a scroll of fear; and the
                  | following spell memorised: Summon Small Mammal; and the
                  | following spells available to memorise: Call Canine
                  | Familiar.
     0 | D:1      | Reached XP level 1. HP: 17/17 MP: 4/4
    22 | D:1      | Reached XP level 2. HP: 20/23 MP: 5/5
   413 | D:1      | Reached XP level 3. HP: 28/28 MP: 7/7
   699 | D:2      | Reached skill level 1 in Invocations
   720 | D:2      | Reached skill level 1 in Short Blades
   720 | D:2      | Reached skill level 1 in Long Blades
   720 | D:2      | Reached skill level 1 in Axes
   720 | D:2      | Reached skill level 1 in Maces & Flails
   720 | D:2      | Reached skill level 1 in Polearms
   720 | D:2      | Reached skill level 1 in Ranged Weapons
   720 | D:2      | Reached skill level 1 in Throwing
   720 | D:2      | Reached skill level 1 in Dodging
   720 | D:2      | Reached skill level 1 in Shields
   720 | D:2      | Reached skill level 1 in Unarmed Combat
   720 | D:2      | Reached skill level 1 in Evocations
   776 | D:2      | Reached XP level 4. HP: 34/34 MP: 8/8
   783 | D:2      | Reached skill level 1 in Shapeshifting
  1089 | D:2      | Reached skill level 1 in Conjurations
  1089 | D:2      | Reached skill level 1 in Hexes
  1089 | D:2      | Reached skill level 1 in Necromancy
  1089 | D:2      | Reached skill level 1 in Translocations
  1089 | D:2      | Reached skill level 1 in Transmutations
  1089 | D:2      | Reached skill level 1 in Fire Magic
  1089 | D:2      | Reached skill level 1 in Ice Magic
  1089 | D:2      | Reached skill level 1 in Air Magic
  1089 | D:2      | Reached skill level 1 in Earth Magic
  1089 | D:2      | Reached skill level 1 in Poison Magic
  1363 | D:3      | Noticed Robin
  1398 | D:3      | Killed Robin
  1399 | D:3      | Reached XP level 5. HP: 13/40 MP: 9/9
  1960 | D:3      | Found a glowing drain.
  1980 | Sewer    | Entered a sewer
  2376 | Sewer    | Reached XP level 6. HP: 16/47 MP: 9/11
  3350 | D:4      | Noticed Blork the orc
  3682 | D:4      | Found a runed translucent door.
  3715 | D:4      | Reached XP level 7. HP: 38/52 MP: 12/12
  3900 | D:4      | Found a runed translucent door.
  3901 | D:4      | Noticed JayJaygamer2134567's ghost (amateur TrMo)
  3955 | D:4      | Killed Blork the orc
  4136 | D:4      | Noticed Ijyb
  4529 | D:4      | Killed Ijyb
  4606 | D:5      | Entered Level 5 of the Dungeon
  4640 | D:5      | Slain by an ogre

Illustrated notes

Levels and vault maps discovered:
D:1:      dpeg_arrival_pond, layout_loops_ring
D:2:      layout_rooms
D:3:      layout_loops_ring, cheibrodos_sewer_entry_bend, due_unseen_surprise,
          uniq_robin
D:4:      layout_basic, ebering_ghost_sewer_f, uniq_ijyb, uniq_blork_the_orc
D:5:      layout_loops_cross, uniq_crazy_yiuf_cottage

Skill      XL: |  1  2  3  4  5  6  7 |
---------------+----------------------+-----
Staves         | | 10.7
Summonings     | 2 3 |  3.0
Invocations    | 1 2 |  2.9
Short Blades   | 1 2 |  2.6
Long Blades    | 1 2 |  2.6
Axes           | 1 2 |  2.6
Maces & Flails | 1 2 |  2.6
Polearms       | 1 2 |  2.6
Ranged Weapons | 1 2 |  2.6
Throwing       | 1 2 |  2.6
Dodging        | 1 2 |  2.6
Shields        | 1 2 |  2.6
Unarmed Combat | 1 2 |  2.6
Evocations     | 1 2 |  2.6
Shapeshifting  | 1 2 |  2.3
Spellcasting   | 3 |  3.9
Conjurations   | 1 2 |  2.1
Hexes          | 1 2 |  2.1
Necromancy     | 1 2 |  2.1
Translocations | 1 2 |  2.1
Transmutations | 1 2 |  2.1
Fire Magic     | 1 2 |  2.1
Ice Magic      | 1 2 |  2.1
Air Magic      | 1 2 |  2.1
Earth Magic    | 1 2 |  2.1
Poison Magic   | 1 2 |  2.1
Fighting       | 3 |  3.7
Armour         | 3 |  3.7
Stealth        | 3 |  3.5

Action                     |  1- 3 |  4- 6 |  7- 9 || total
---------------------------+-------+-------+-------++-------
  Melee: Quarterstaff      |    74 |   262 |    57 ||   393
         Bite              |     4 |    25 |    11 ||    40
  Evoke: Wand              |       |       |     2 ||     2
    Use: Scroll            |       |       |     1 ||     1
   Stab: Paralysed         |       |       |     5 ||     5
 Armour: Scale mail        |    38 |   188 |    28 ||   254
  Dodge: Dodged            |    33 |    96 |    18 ||   147

Table legend: (Time is in decaauts)
 A = Elapsed time spent in this place.
 B = Non-inter-level travel time spent in this place.
 C = Inter-level travel time spent in this place.
 D = Time resting spent in this place.
 E = Time spent auto-exploring this place.
 F = Levels seen in this place.
 G = Mean time per level.
                   A        B        C        D        E       F      G
               +--------+--------+--------+--------+--------+-----+--------+
         Total |   4775 |   4512 |    263 |    154 |   3293 |   6 |  795.8 |
       Dungeon |   3517 |   3254 |    263 |    154 |   2482 |   5 |  703.4 |
         Sewer |   1258 |   1258 |      0 |      0 |    810 |   1 | 1258.0 |
               +--------+--------+--------+--------+--------+-----+--------+

Top non-repeatable levels by time:
   Sewer: 1258 daAuts
     D:4: 1144 daAuts
     D:3: 1087 daAuts
     D:1: 667 daAuts
     D:2: 584 daAuts
     D:5: 33 daAuts
